 Dungeon Sprint DCSS version 0.30-a0-1161-g0704695555 (webtiles) character file.

Game seed: 7968942245493160180

25 123456 the Trooper (level 2, -2/29 HPs)
             Began as a Minotaur Fighter on Apr 27, 2023.
             Slain by an ogre
             ... wielding a +0 giant club
              (28 damage)
             ... in the Dungeon (Sprint IX: "|||||||||||||||||||||||||||||").
             The game lasted 00:00:06 (45 turns).

123456 the Trooper (Minotaur Fighter)                 Turns: 45, Time: 00:00:07

Health: -2/29      AC:  7    Str: 20    XL:     2   Next: 86%
Magic:  1/1        EV: 10    Int:  5    God:
Gold:   0          SH:  4    Dex:  9    Spells: 1/1 levels left

rFire   . . .        a - +0 flail
rCold   . . .        c - +0 buckler
rNeg    . . .        b - +0 scale mail
rPois   .            (helmet restricted)
rElec   .            (no cloak)
rCorr   .            (no gloves)
SInv    .            (no boots)
Will    .....        (no amulet) Stlth
                     (no ring)
HPRegen 0.24/turn    (no ring)
MPRegen 0.07/turn

%: no teleportation
@: no status effects
A: horns 2, retaliatory headbutt
a: no special abilities


You were in the Dungeon.
You visited 1 branch

Inventory:

Hand Weapons
 a - a +0 flail (weapon)
Armour
 b - a +0 scale mail (worn)
 c - a +0 buckler (worn)
Scrolls
 j - a scroll of blinking
Potions
 d - a potion of might
 e - a potion of curing
 f - a potion of heal wounds
 g - a potion of haste
 h - 2 potions of magic
 i - a potion of berserk rage


   Skills:
 * Level 5.4 Fighting
 * Level 4.6 Maces & Flails
 + Level 4.5 Armour
 + Level 2.2 Dodging
 - Level 3.6 Shields


You had one spell level left.
You didn't know any spells.
Your spell library was empty.

Dungeon Overview and Level Annotations

Branches:
Dungeon (1/1)

Altars:


Innate Abilities, Weirdness & Mutations

You have a pair of horns on your head.
You reflexively headbutt those who attack you in melee.


Message History

You closely miss the adder. Your headbutt misses the adder.
You block the adder's attack. The adder bites you but does no damage.
You barely miss the adder. You block the adder's attack.
The adder bites you but does no damage.
You closely miss the adder. The adder barely misses you.
You hit the adder. You headbutt the adder.
You kill the adder!
The quokka bites you.
Your Maces & Flails skill increases to level 4!
You have reached level 2!
Unknown command.
You sock the quokka!
You kill the quokka!
You block the adder's attack.
Your Fighting skill increases to level 5!
Your Dodging skill increases to level 2!
You miss the adder. Your headbutt misses the adder.
The adder bites you but does no damage.
You miss the adder. The adder closely misses you.
The adder bites you but does no damage.
You closely miss the adder.
The adder bites you but does no damage. x2
Unknown command.
You barely miss the adder. The adder closely misses you.
Unknown command.
You closely miss the adder. The adder bites you but does no damage.
The adder bites you.
You sock the adder!
The adder is almost dead.
The adder closely misses you.
Unknown command.
You hit the adder.
You kill the adder!
You thump the ogre!
The ogre is moderately wounded.
The ogre closely misses you.
You hit the ogre. You headbutt the ogre.
The ogre is heavily wounded.
The ogre hits you with a +0 giant club!!
Ouch! That really hurt!
You die... ▓▓▓▓▓▓▓▓▓▓▓▓▓▓▓▓▓▓ +....oO@....)...<▓ ▓▓▓▓▓▓▓▓▓▓▓▓▓▓▓▓▓▓

You could see an ogre and an orc.

Vanquished Creatures
  2 adders (D)
  A goblin (D)
  2 hobgoblins (D)
  A jackal (D)
  A quokka (D)
  A rat (D)
8 creatures vanquished.

Notes
Turn   | Place    | Note
-------+----------+-------------------------------------------
     0 | D        | 123456 the Minotaur Fighter began the quest for the Orb.
     0 | D        | Reached XP level 1. HP: 19/19 MP: 0/0
     9 | D        | Reached skill level 4 in Fighting
    10 | D        | Reached skill level 1 in Dodging
    31 | D        | Noticed an ogre
    36 | D        | Reached XP level 2. HP: 25/28 MP: 1/1
    37 | D        | Reached skill level 5 in Fighting
    45 | D        | Slain by an ogre

Illustrated notes

Levels and vault maps discovered:
D:        linesprint [early_d, line_temple, items_1, d_10, items_2, lair_1,
          lair_end, items_3, orc_1, orc_end, items_4, d_15, swamp_1, shoals_1,
          snake_1, spider_1, d_20, vaults_1, items_5, swamp_end, shoals_end,
          snake_end, spider_end, vaults_end, d_27, items_6, zot_1, zot_end,
          crypt_end, forest_end, elf_end, slime_end, tomb_end, abyss_end,
          pan_hell_end]

Skill      XL: |  1  2 |
---------------+-------+-----
Fighting       | 4 5 |  5.4
Maces & Flails | 4 |  4.6
Dodging        | 1 2 |  2.2
Armour         | 4 |  4.5
Shields        | |  3.6

Action                     || total
---------------------------++-------
  Melee: Flail             ||    23
         Headbutt          ||     2
 Armour: Scale mail        ||     9
  Dodge: Dodged            ||     8
  Block: Buckler           ||     4

Table legend: (Time is in decaauts)
 A = Elapsed time spent in this place.
 B = Non-inter-level travel time spent in this place.
 C = Inter-level travel time spent in this place.
 D = Time resting spent in this place.
 E = Time spent auto-exploring this place.
 F = Levels seen in this place.
 G = Mean time per level.
                   A        B        C        D        E       F      G
               +--------+--------+--------+--------+--------+-----+--------+
         Total |     51 |     51 |      0 |      0 |     21 |   1 |   51.0 |
       Dungeon |     51 |     51 |      0 |      0 |     21 |   1 |   51.0 |
               +--------+--------+--------+--------+--------+-----+--------+

Top non-repeatable levels by time:
       D: 51 daAuts
